 Dungeon Crawl Stone Soup version 0.29.0-5-ge4962eb29e (webtiles) character file.

Game seed: 1397821236267180402

110 ImASeal the Caller (level 4, -7/30 HPs)
             Began as a Mummy Summoner on Aug 29, 2022.
             Killed from afar by an orc wizard (9 damage)
             ... with a puff of flame
             ... on level 3 of the Dungeon.
             The game lasted 00:16:40 (4332 turns).

ImASeal the Caller (Mummy Summoner)                 Turns: 4332, Time: 00:16:41

Health: -7/30      AC:  3    Str: 11    XL:     4   Next: 61%
Magic:  0/10       EV: 12    Int: 16    God:
Gold:   123        SH:  0    Dex: 12    Spells: 8/11 levels left

rFire   x . .      SeeInvis .   (no weapon)
rCold   + . .      Faith    .   (no shield)
rNeg    + + +      Spirit   .   a - +0 robe
rPois   ∞          Reflect  .   k - +0 helmet
rElec   .          Harm     .   (no cloak)
rCorr   +          Rampage  .   (no gloves)
Will    +....                   (no boots)
Stlth   ++........              (no amulet)
HPRegen 0.10/turn               j - ring of willpower
MPRegen 0.12/turn               e - ring of resist corrosion

@: no status effects
A: cold resistance 1, negative energy resistance 3, torment resistance 2, heat
vulnerability 1, in touch with death 1, no potions
a: no special abilities


You were on level 3 of the Dungeon.
You visited 1 branch of the dungeon, and saw 3 of its levels.

You collected 123 gold pieces.

Inventory:

Missiles
 g - 6 poisoned darts (quivered)
Armour
 a - a +0 robe (worn)
 k - a +0 helmet (worn)
Jewellery
 e - a ring of resist corrosion (right hand)
 j - a ring of willpower (left hand)
Scrolls
 b - a scroll of enchant weapon {unknown}
 c - 7 scrolls of identify {unknown}
 d - a scroll of butterflies {unknown}
 f - a scroll of amnesia {unknown}
 h - a scroll of teleportation {unknown}
 i - 3 scrolls of vulnerability {unknown}
 l - a scroll of fear {unknown}


   Skills:
 + Level 1.6 Dodging
 + Level 1.6 Stealth
 + Level 4.2 Spellcasting
 + Level 4.3 Summonings


You had 8 spell levels left.
You knew the following spells:

 Your Spells              Type           Power      Damage    Failure   Level
a - Summon Small Mammal   Summ           68%        N/A       2%          1
b - Call Imp              Summ           17%        N/A       4%          2

Your spell library contained the following spells:

 Spells                   Type           Power      Damage    Failure   Level
 Call Canine Familiar     Summ           17%        N/A       9%          3
 Summon Guardian Golem    Hex/Summ       10%        N/A       21%         3
 Poisonous Vapours        Pois/Air       6%         N/A       26%         2
 Ozocubu's Armour         Ice            3%         N/A       45%         3
 Summon Lightning Spire   Summ/Air       10%        N/A       54%         4
 Corpse Rot               Necr/Pois/Air  5%         N/A       86%         4
 Ozocubu's Refrigeration  Ice            1%         4d7       100%        7


Dungeon Overview and Level Annotations

Branches:
Dungeon (3/15)

Altars:


Innate Abilities, Weirdness & Mutations

You are immune to poison.
Your flesh is cold resistant. (rC+)
You are immune to negative energy. (rN+++)
You are immune to unholy pain and torment.
You are vulnerable to heat. (rF-)
You are in touch with the powers of death.
You do not drink.


Message History

Casting: Summon Small Mammal (safe; 2% risk of failure)
Confirm with . or Enter, or press ? or * to list all spells.
Your bat closely misses the orc wizard.
Your bat misses the orc wizard.
The orc wizard hits your bat with a +0 dagger.
Your bat dies!
Your bat's corpse disappears in a puff of smoke!
Casting: Summon Small Mammal (safe; 2% risk of failure)
Confirm with . or Enter, or press ? or * to list all spells.
The orc wizard hits your quokka but does no damage.
Casting: Summon Small Mammal (safe; 2% risk of failure)
Confirm with . or Enter, or press ? or * to list all spells.
Nothing appears to happen.
Your quokka bites the orc wizard.
The orc wizard closely misses your quokka.
Your quokka closely misses the orc wizard.
The orc wizard hits your quokka with a +0 dagger.
Your quokka barely misses the orc wizard.
The orc wizard hits your quokka with a +0 dagger.
Your quokka completely misses the orc wizard.
The orc wizard hits your quokka with a +0 dagger.
Your quokka dies!
Your quokka's corpse disappears in a puff of smoke!
An orc wizard is nearby!
The orc wizard hits you but does no damage.
You closely miss the orc wizard.
The orc wizard is severely wounded.
The orc wizard hits you with a +0 dagger.
* * * LOW HITPOINT WARNING * * *
You hit the orc wizard.
The orc wizard is almost dead.
The orc wizard mumbles some strange words.
The orc wizard flickers and vanishes!
Deactivating autopickup; reactivate with Ctrl-A.
You hit something but do no damage. Something hits you.
* * * LOW HITPOINT WARNING * * *
Casting: Summon Small Mammal (safe; 2% risk of failure)
Confirm with . or Enter, or press ? or * to list all spells.
You hear some strange, mumbled words.
A puff of flame appears from out of thin air!
The puff of flame hits you! The fire burns you terribly!
You die...

#)# #.##.##.^
...#.# #)# #.#
.# ...#.#
#.#####.##.##...
#.#
#......{........
#.#
#######.######..
#.# ## #.# ##.#
#. #.# #..# #.
#r#### #### #.
#.{@.# ######.
###### #......
#...... #####.#
##.# ##.#. #.###
##.#. ##.#


You could see a friendly quokka (summoned).

Vanquished Creatures
  An orc (D:3)
  A giant cockroach (D:1)
  A hobgoblin (D:1)
  A bat (D:3)
4 creatures vanquished.

Vanquished Creatures (collateral kills)
  An orc wizard (D:3)
  2 adders
  A worm (D:2)
  2 dart slugs
  6 orcs (D:3)
  5 endoplasms
  A giant cockroach (D:3)
  3 hobgoblins
  2 jackals (D:1)
  3 kobolds
  3 quokkas
  3 ball pythons
  4 bats (D:2)
  4 frilled lizards
  4 goblins
  5 rats
49 creatures vanquished.

Grand Total: 53 creatures vanquished

Notes
Turn   | Place    | Note
-------+----------+-------------------------------------------
     0 | D:1      | ImASeal the Mummy Summoner began the quest for the Orb.
     0 | D:1      | Reached XP level 1. HP: 13/13 MP: 4/4
   904 | D:1      | Reached XP level 2. HP: 19/19 MP: 3/5
   936 | D:1      | Learned a level 2 spell: Call Imp
  1524 | D:1      | Found a faded altar of an unknown god.
  1776 | D:2      | Gained mutation: You are in touch with the powers of death.
                  | [Mummy growth]
  1776 | D:2      | Reached XP level 3. HP: 24/24 MP: 2/7
  3198 | D:3      | Reached XP level 4. HP: 30/30 MP: 1/9
  4332 | D:3      | Killed from afar by an orc wizard

Illustrated notes

Levels and vault maps discovered:
D:1:      shiori_arrival_maze, layout_loops_corners, serial_glass,
          glass_columns_a, glass_columns_a, glass_columns_a, glass_columns_b,
          glass_columns_b, glass_columns_b, glass_columns_a, glass_columns_b,
          hellmonk_ecumenical_altar_leap_of_faith
D:2:      layout_loops_ring
D:3:      layout_loops_ring, serial_shops, nicolae_lakefront_shop

Skill      XL: |  1  2  3  4 |
---------------+-------------+-----
Spellcasting   | 3 4 |  4.2
Summonings     | 4 |  4.3
Dodging        | |  1.6
Stealth        | |  1.6

Action                   |  1- 3 |  4- 6 || total
-------------------------+-------+-------++-------
Melee: Unarmed           |    38 |    16 ||    54
       Punch             |       |     1 ||     1
 Cast: Summon Small Mamm |    78 |    44 ||   122
       Call Imp          |    20 |     9 ||    29
Armor: Robe              |    15 |     3 ||    18
Dodge: Dodged            |    73 |    17 ||    90
